 Dungeon Crawl Stone Soup version 0.19.4 (webtiles) character file.

742 MirrMurr the Magician (level 7, -1/27 HPs)
             Began as a Felid Wizard on Feb 1, 2017.
             Was a Follower of Vehumet.
             Slain by a worker ant (3 damage)
             ... on level 6 of the Dungeon.
             The game lasted 00:27:20 (9149 turns).

MirrMurr the Magician (Felid Wizard)                Turns: 9149, Time: 00:27:21

Health: -1/27      AC:  2    Str:  4    XL:     7   Next: 47%
Magic:  13/17      EV: 17    Int: 21    God:    Vehumet [*.....]
Gold:   205        SH:  0    Dex: 14    Spells: 6 memorised, 5 levels left
                                        Lives:  0   Deaths: 2

rFire  . . .     SeeInvis +     (weapon unavailable)
rCold  . . .     Gourm    .     (armour unavailable)
rNeg   . . .     Faith    .     (shield unavailable)
rPois  .         Spirit   .     (helmet unavailable)
rElec  .         Reflect  .     (cloak unavailable)
rCorr  .         Harm     .     (gloves unavailable)
MR     +....                    (boots unavailable)
Stlth  +++.......               (no amulet)
                                (no ring)
                                k - ring of flight

@: very slightly contaminated, repel missiles, quick
A: no armour, no weapons or thrown items, stealth, claws 1, fangs 3, see
invisible, carnivore 3, speed 1, shaggy fur 2, slow metabolism 1, sharp paws
a: Renounce Religion, Evoke Flight


You were on level 6 of the Dungeon.
You worshipped Vehumet.
Vehumet was aware of your devotion.
You were very full.

You visited 2 branches of the dungeon, and saw 7 of its levels.

You collected 281 gold pieces.
You spent 76 gold pieces at shops.

Inventory:

Jewellery
 k - a ring of flight (left paw)
 q - an uncursed amulet of magic regeneration {unknown}
Scrolls
 c - 2 scrolls of teleportation
 d - 2 scrolls of fear
 e - a scroll of blinking
 i - 3 scrolls of identify
 m - a scroll of magic mapping
 n - a scroll of recharging
 r - 2 scrolls of remove curse
 s - a scroll of enchant weapon {unknown}
Potions
 f - a potion of magic {unknown}
 g - a potion of ambrosia
 h - a potion of haste
 j - a potion of brilliance
 l - a potion of invisibility
 p - a potion of curing {unknown}
Books
 a - a book of Minor Magic

   Spells                             Type                      Level
   a - Magic Dart                     Conjuration                  1
   b - Blink                          Translocation                2
   c - Call Imp                       Summoning                    2
   d - Repel Missiles                 Charms/Air                   2
   e - Slow                           Hexes                        2
   f - Conjure Flame                  Conjuration/Fire             3
   g - Mephitic Cloud                 Conjuration/Poison/Air       3
 o - a Grand Grimoire

   Spells                             Type                      Level
   a - Monstrous Menagerie            Summoning                    7
   b - Summon Greater Demon           Summoning                    7
   c - Malign Gateway                 Summoning/Translocation      7
   d - Summon Horrible Things         Summoning                    8
Comestibles
 b - a meat ration


   Skills:
 - Level 2.6 Dodging
 - Level 2.6 Stealth
 + Level 6.2 Spellcasting
 - Level 4.0 Conjurations
   Level 1.0 Summonings
 - Level 1.5 Translocations
 - Level 4.3 Fire Magic
 - Level 4.1 Air Magic
 * Level 2.0 Poison Magic


You had 5 spell levels left.
You knew the following spells:

 Your Spells              Type           Power        Failure   Level  Hunger
a - Magic Dart            Conj           ###.         1%          1    None
b - Blink                 Tloc           N/A          10%         2    None
c - Conjure Flame         Conj/Fire      ###.....     6%          3    #......
m - Mephitic Cloud        Conj/Pois/Air  ###.....     10%         3    #......
r - Repel Missiles        Chrm/Air       ###...       8%          2    None
s - Slow                  Hex            #.......     14%         2    None


Dungeon Overview and Level Annotations

Branches:
Dungeon (6/15)             Temple (1/1) D:5

Altars:
Ashenzari
Elyvilon
Fedhas
Gozag
Hepliaklqana
Kikubaaqudgha
Makhleb
Nemelex Xobeh
Okawaru
Sif Muna
Vehumet
Yredelemnul
Zin

Shops:
D:6 ?

Annotations:
D:5 Edmund


Innate Abilities, Weirdness & Mutations

You cannot wear armour.
You are incapable of wielding weapons or throwing items.
Your paws allow you to move quietly. (Stealth)
You have sharp claws.
You have razor-sharp teeth.
You have supernaturally acute eyesight. (SInv)
You are carnivorous and can eat meat at any time.
You cover ground quickly.
You are covered in thick fur. (AC +2)
You have a slow metabolism.
Your sharp claws are effective at attacking unaware monsters.


Message History

Confirm with . or Enter, or press ? or * to list all spells.
Aiming: Conjure Flame
Press: ? - help, Dir - move target cursor You miscast Conjure Flame.
Wisps of smoke drift from your paws.
The worker ant waves its antennae.
Casting: Conjure Flame
Confirm with . or Enter, or press ? or * to list all spells.
Aiming: Conjure Flame
Press: ? - help, Dir - move target cursor The fire roars!
There is an open door here.
A worker ant comes into view.
The gnoll shouts!
There is an open door here.
The worker ant bites you!
* * * LOW HITPOINT WARNING * * *
There is a stone staircase leading up here.
The worker ant waves its antennae.
The worker ant bites you.
You die...

############# #.#
#...........# #.#
#...........# #.#
#...........# #.#
#...........# #######.#
#...........# ...#....#
#...........#
.8a..8..######...........#
...#............@#########
#.###...########a#
...#........g....#
.8...8...#######'###
...#.....######....#
#.###.#..#....>....#
...#.....#.........#
.8...8...#.....#.###
.........#.............#


You could see a worker ant.

Vanquished Creatures
  The ghost of soukkis the Slinger, a novice HaHu (D:4)
  A sky beast (D:4)
  An ice beast (D:6)
  A centaur (D:5)
  A bullfrog (D:4)
  A howler monkey (D:4)
  A crimson imp (D:5)
  A quasit (D:5)
  2 hounds
  A bullfrog skeleton (D:4)
  A gnoll shaman (D:5)
  2 orc priests
  2 iguanas
  3 worker ants
  14 gnolls
  9 adders
  2 river rats (D:4)
  A worm (D:3)
  6 leopard geckos
  9 orcs
  4 ball pythons
  10 bats
  2 giant cockroaches
  6 goblins
  5 hobgoblins
  4 jackals
  11 kobolds
  3 quokkas
  5 frilled lizards
  A giant cockroach zombie (D:5)
  13 rats
124 creatures vanquished.

Vanquished Creatures (others)
  5 toadstools (D:1)
5 creatures vanquished.

Grand Total: 129 creatures vanquished

Notes
Turn   | Place    | Note
-------+----------+-------------------------------------------
     0 | D:1      | MirrMurr the Felid Wizard began the quest for the Orb.
     0 | D:1      | Reached XP level 1. HP: 7/7 MP: 5/5
    29 | D:1      | Reached skill level 1 in Conjurations
   648 | D:1      | Reached XP level 2. HP: 11/11 MP: 4/7
   652 | D:1      | Learned a level 2 spell: Blink
  1370 | D:2      | Reached XP level 3. HP: 7/14 MP: 4/8
  2312 | D:3      | Found a hazy altar of Hepliaklqana.
  2590 | D:3      | Reached XP level 4. HP: 18/18 MP: 6/10
  2816 | D:3      | Learned a level 3 spell: Conjure Flame
  2842 | D:3      | Learned a level 3 spell: Mephitic Cloud
  3366 | D:3      | Reached skill level 4 in Spellcasting
  3592 | D:3      | Reached XP level 5. HP: 21/21 MP: 6/12
  3596 | D:3      | Learned a level 2 spell: Repel Missiles
  4190 | D:4      | Noticed soukkis's ghost (novice HaHu)
  4376 | D:4      | Noticed a sky beast
  4556 | D:4      | Reached skill level 1 in Fire Magic
  4677 | D:4      | Killed a sky beast
  4677 | D:4      | Gained mutation: You are covered in thick fur. (AC +2) [Felid growth]
  4677 | D:4      | Reached XP level 6. HP: 18/24 MP: 7/13
  4729 | D:4      | Slain by a bullfrog
  4730 | D:4      | Reached XP level 5. HP: -2/21 MP: 6/12
  4825 | D:4      | Killed soukkis's ghost
  4825 | D:4      | Reached skill level 5 in Spellcasting
  4825 | D:4      | Reached XP level 6. HP: 19/24 MP: 1/14
  4825 | D:4      | Reached XP level 7. HP: 21/27 MP: 1/15
  5143 | D:4      | Reached skill level 1 in Air Magic
  5772 | D:5      | Entered Level 5 of the Dungeon
  5939 | D:3      | Found a basalt altar of Yredelemnul.
  6081 | D:5      | Found a burning altar of Makhleb.
  6280 | D:5      | Learned a level 2 spell: Slow
  6752 | D:5      | Found a staircase to the Ecumenical Temple.
  6757 | Temple   | Entered the Ecumenical Temple
  6765 | Temple   | Became a worshipper of Vehumet
  6822 | D:5      | HP: 1/27 [gnoll shaman/whip (9)]
  7197 | D:5      | Reached XP level 8. HP: 31/31 MP: 7/17
  7428 | D:6      | Noticed Edmund
  7593 | D:4      | Reached skill level 6 in Spellcasting
  7764 | D:6      | Killed from afar by Edmund
  7765 | D:6      | Reached XP level 7. HP: -1/27 MP: 13/17
  7795 | D:6      | Reached skill level 1 in Poison Magic
  7829 | D:6      | Found Opnohof's Magic Scroll Shoppe.
  7840 | D:6      | Reached * piety under Vehumet
  7840 | D:6      | Offered knowledge of Sandblast by Vehumet.
  7841 | D:6      | Bought a scroll of fear for 38 gold pieces
  7841 | D:6      | Bought a scroll of fear for 38 gold pieces
  9149 | D:6      | Slain by a worker ant

Skill      XL: |  1  2  3  4  5  6  7  8 |
---------------+-------------------------+-----
Conjurations   | 1 2 3 4 |  4.0
Spellcasting   | 4 5 6 |  6.2
Fire Magic     | 4 |  4.3
Air Magic      | 3 4 |  4.1
Poison Magic   | 2 |  2.0
Dodging        | |  2.6
Stealth        | |  2.6
Summonings     | |  1.0
Translocations | |  1.5

Action                   |  1- 3 |  4- 6 |  7- 9 || total
-------------------------+-------+-------+-------++-------
Melee: Unarmed           |       |       |     1 ||     1
 Cast: Magic Dart        |   104 |   126 |   281 ||   511
       Conjure Flame     |       |     7 |    17 ||    24
       Mephitic Cloud    |       |     1 |     8 ||     9
       Blink             |       |       |     9 ||     9
       Repel Missiles    |       |       |     2 ||     2
  Use: Scroll            |     8 |     4 |     2 ||    14
       Potion            |       |       |     1 ||     1
  Eat: Chunk             |    10 |     3 |    19 ||    32
Armor: Skin              |       |     1 |     6 ||     7
Dodge: Dodged            |    26 |    24 |   110 ||   160
       Deflected         |       |       |     3 ||     3
